 Dungeon Crawl Stone Soup version 0.20.0 (webtiles) character file.

71599 BarneyGumball the Severer (level 14, 0/126 HPs)
             Began as a Deep Dwarf Gladiator on June 6, 2017.
             Was the Champion of Makhleb.
             Killed from afar by a fire dragon (38 damage)
             ... with a blast of flame
             ... on level 14 of the Dungeon.
             The game lasted 01:58:32 (19956 turns).

BarneyGumball the Severer (Deep Dwarf Gladiator)   Turns: 19956, Time: 01:58:33

Health: 0/126      AC: 28    Str: 21    XL:     14   Next: 98%
Magic:  23/23      EV: 10    Int:  7    God:    Makhleb [******]
Gold:   724        SH: 18    Dex: 17    Spells: 13/13 levels left

rFire    . . .     SeeInvis .   w - +2 war axe (chop)
rCold    + + +     Gourm    .   k - +0 shield
rNeg     + . .     Faith    .   B - +1 chain mail of the Dolphin {rPois rC+ rCorr Int-3}
rPois    +         Spirit   .   c - +2 helmet
rElec    .         Reflect  +   W - +2 cloak {rC+}
rCorr    +         Harm     .   e - +2 pair of gloves
MR       ++...                  (no boots)
Stlth    ..........             x - +4 amulet of reflection
Regen    0.0/turn               g - ring of Lufaits {rC+ Str+2 Stlth+}
MPRegen  0.2/turn               J - +6 ring of protection

@: non-regenerating
A: damage resistance, heal wounds, negative energy resistance 1, sense
surroundings 2, no regeneration
a: Heal Wounds, Minor Destruction, Lesser Servant of Makhleb, Major Destruction,
Greater Servant of Makhleb, Renounce Religion


You were on level 14 of the Dungeon.
You worshipped Makhleb.
Makhleb was exalted by your worship.
You were not hungry.

You visited 4 branches of the dungeon, and saw 23 of its levels.
You also visited: Labyrinth, Sewer, Ice Cave and Volcano.

You collected 2146 gold pieces.
You spent 1422 gold pieces at shops.

Inventory:

Hand Weapons
 w - a +2 war axe of chopping (weapon)
Armour
 c - a +2 helmet (worn)
 e - a +2 pair of gloves (worn)
 k - a +0 shield (worn)
 p - the +0 ring mail of Death's Door {rF+++ rC+ Str+2 Int-2}
   (You bought it in a shop on level 2 of the Orcish Mines)

   It affects your strength (+2).
   It affects your intelligence (-2).
   It renders you almost immune to fire.
   It protects you from cold.
 B - the +1 chain mail of the Dolphin (worn) {rPois rC+ rCorr Int-3}
   (You bought it in a shop on level 2 of the Orcish Mines)

   It affects your intelligence (-3).
   It protects you from cold.
   It protects you from poison.
   It protects you from acid and corrosion.
 E - the +1 chain mail "Maficuwk" {rC+ rCorr}
   (You found it in a sewer)

   It protects you from cold.
   It protects you from acid and corrosion.
 K - a +1 plate armour of poison resistance
 L - a +0 cloak
 W - a +2 cloak of cold resistance (worn)
Jewellery
 g - the ring of Lufaits (left hand) {rC+ Str+2 Stlth+}
   (You acquired it on level 5 of the Lair of Beasts)

   [ring of stealth]

   It affects your strength (+2).
   It protects you from cold.
   It makes you more stealthy.
 x - a +4 amulet of reflection (around neck)
 C - an uncursed ring of ice
 I - an uncursed ring of see invisible
 J - a +6 ring of protection (right hand)
 M - an uncursed amulet of rage
Wands
 d - a wand of iceblast (2/15)
 h - a wand of digging (20/24)
 n - a wand of paralysis (14/24)
 y - a wand of iceblast (5/15)
 T - a wand of lightning (3/15)
 V - a wand of confusion (36/48)
Scrolls
 a - 2 scrolls of enchant armour
 b - 3 scrolls of immolation
 i - a scroll of enchant weapon
 r - 5 scrolls of teleportation
 s - 10 scrolls of remove curse
 t - 5 scrolls of fear
 H - 3 scrolls of recharging
 N - a scroll of amnesia
 O - a scroll of identify
 R - 4 scrolls of magic mapping
Potions
 j - 3 potions of invisibility
 l - 2 potions of heal wounds
 m - a potion of agility
 o - 2 potions of mutation
 q - 6 potions of curing
 u - 2 potions of flight
 v - a potion of magic
 A - 2 potions of haste
 F - 2 potions of lignification
 G - 3 potions of resistance
 P - a potion of experience {unknown}
 U - a potion of might
 X - 2 potions of ambrosia {unknown}
Comestibles
 f - 15 bread rations
 z - 26 royal jellies
 D - 7 meat rations
 S - 8 fruits


   Skills:
 - Level 8.2 Fighting
 - Level 16.0 Axes
 - Level 1.7 Throwing
 + Level 9.0 Armour
 - Level 3.2 Dodging
 - Level 15.0 Shields
 * Level 15.6 Invocations


You had 13 spell levels left.
You didn't know any spells.

Dungeon Overview and Level Annotations

Branches:
Dungeon (14/15)            Temple (1/1) D:5            Lair (6/6) D:9
  Swamp (0/4) Lair:3        Snake (0/4) Lair:4        Slime (0/5) Lair:5
    Orc (2/2) D:9             Elf (0/3) Orc:2        Vaults (0/5) D:14

Altars:
Ashenzari
Dithmenos
Elyvilon
Fedhas
Kikubaaqudgha
Makhleb
Nemelex Xobeh
Okawaru
Qazlal
Sif Muna
Trog
Vehumet
Xom
Yredelemnul
Zin
The Shining One
Beogh

Shops:
Orc:2 ![}!

Annotations:
D:4 Sigmund
D:6 1 runed door


Innate Abilities, Weirdness & Mutations

You are resistant to damage.
You can heal yourself by infusing magical energy.
You resist negative energy. (rN+)
You passively map the area around you.
You do not regenerate.


Message History

The fire dragon is heavily wounded.
You closely miss the fire dragon.
The fire dragon is heavily wounded.
The fire dragon bites you!
The fire dragon claws you but does no damage.
You block the fire dragon's attack.
You slash the fire dragon!
The fire dragon is heavily wounded.
You block the fire dragon's attack. x3
You hit the fire dragon.
The fire dragon is severely wounded.
You hit the fire dragon but do no damage.
The fire dragon is severely wounded.
The fire dragon breathes flames at you. The blast of flame hits you!
Your chain mail of the Dolphin prevents you from hitting the fire dragon.
The fire dragon is severely wounded.
The fire dragon breathes flames at you. The blast of flame hits you!
You die...

......##
##....#.#...##
.......###..........##
.............#.#.#.##
..............#.#..#
.#.........#.#.#.#.#
###................#
,#.......#.......#.#
...........#.......#
.......#.#.....#@#.#
........#.......D..# ,
, , .#.#...#.#.#.# ,
.#.....!....#
,#.#.#.#.#.#.# ,
............#
,.......... #
#####*###*


You could see a fire dragon.

Vanquished Creatures
  Agnes (D:13)
  A stone giant (Volcano)
  2 entropy weavers (Lair:5)
  Snorg (D:12)
  Erolcha (Orc:2)
  A minotaur (Lab)
  Fannar (D:10)
  An ogre mage (Orc:2)
  4 hydras
  2 catoblepae
  A centaur warrior (D:12)
  4 two-headed ogres (D:9)
  A queen ant (Lair:5)
  Nergalle (Orc:2)
  A lindwurm (Lair:4)
  9 orc sorcerers
  3 manticores (D:13)
  A deep elf mage (D:13)
  8 ugly things
  4 black mambas
  Maurice (D:9)
  A cyclops (Orc:2)
  A centaur zombie (D:14)
  3 molten gargoyles
  3 orange demons (D:13)
  6 spiny frogs
  3 centaur skeletons
  A gargoyle (Volcano)
  8 freezing wraiths (IceCv)
  2 rime drakes
  2 efreet
  6 trolls
  A queen bee (D:10)
  A wolf spider simulacrum (IceCv)
  4 hornets (Lair:6)
  5 polar bears
  A dream sheep (Lair:6)
  6 hippogriffs
  5 blink frogs (Lair:4)
  A redback (Lab)
  A shadow (D:11)
  8 spriggans (Lair:6)
  2 wraiths
  28 yaks
  4 hogs (D:7)
  6 fire bats
  A human (D:7)
  3 wyverns
  6 basilisks
  A death yak simulacrum (IceCv)
  2 hungry ghosts (Lab)
  A steam dragon (D:11)
  2 vampire mosquitoes (D:12)
  Menkaure (D:6)
  2 wargs
  5 soldier ants (Lair:5)
  An acid dragon (D:11)
  33 water moccasins
  Duvessa (D:7)
  2 black bears (Lair:6)
  5 porcupines
  7 ogres
  11 orc warriors
  3 eyes of draining
  9 ice beasts
  A phantom (D:6)
  2 sky beasts
  A necrophage (D:9)
  28 wolves
  The ghost of Heartnet the Chiller, an amateur DrIE (D:3)
  4 boggarts (Lair:6)
  14 crocodiles
  4 centaurs
  20 bullfrogs
  2 earth elementals (Volcano)
  Dowan (D:7)
  5 scorpions
  33 killer bees
  4 wights (D:12)
  2 howler monkeys
  4 electric eels
  6 crimson imps
  6 lava snakes
  2 quasits
  A draconian simulacrum (IceCv)
  14 orc priests
  6 hounds
  3 jellies
  5 bullfrog skeletons
  4 iguanas
  32 orc wizards
  20 worker ants
  Natasha (twice) (D:4 D:6)
  A polar bear simulacrum (IceCv)
  A wolf simulacrum (IceCv)
  A killer bee zombie (D:6)
  2 centaur simulacra (IceCv)
  3 hound zombies
  A howler monkey zombie (D:5)
  27 adders
  A naga simulacrum (IceCv)
  An ogre simulacrum (IceCv)
  3 shadow imps
  7 white imps (IceCv)
  2 oozes
  An adder zombie (D:10)
  An adder skeleton (D:8)
  2 worms (D:6)
  2 dart slugs (D:2)
  6 leopard geckos
  66 orcs
  4 ball pythons (Sewer)
  9 giant cockroaches
  3 goblins
  8 hobgoblins
  16 jackals
  5 kobolds
  4 quokkas
  3 bats
  12 frilled lizards
  A leopard gecko skeleton (D:4)
  3 quokka zombies
  4 rats
  A fungus (Lair:1)
682 creatures vanquished.

Vanquished Creatures (collateral kills)
  2 hydras
  A catoblepas (Lair:5)
  A necromancer (IceCv)
  A black mamba (Lair:5)
  An ice statue (IceCv)
  A gargoyle (Volcano)
  2 freezing wraiths (IceCv)
  An ogre (Orc:2)
  2 draconian simulacra (IceCv)
  2 orc wizards (Orc:2)
  5 troll simulacra (IceCv)
  A spriggan simulacrum (IceCv)
  A centaur simulacrum (IceCv)
  An ogre simulacrum (IceCv)
  5 naga simulacra (IceCv)
  5 white imps (IceCv)
32 creatures vanquished.

Vanquished Creatures (others)
  A cyclops (D:14)
  An orc (Orc:2)
  3 fungi (Lair:6)
  12 plants
17 creatures vanquished.

Grand Total: 731 creatures vanquished

Notes
Turn   | Place    | Note
-------+----------+-------------------------------------------
     0 | D:1      | BarneyGumball the Deep Dwarf Gladiator began the quest for the Orb.
     0 | D:1      | Reached XP level 1. HP: 19/19 MP: 1/1
     0 | D:1      | Noticed a draconian
     0 | D:1      | Noticed a gargoyle
     0 | D:1      | Noticed an elf
     2 | D:1      | Noticed a minotaur
     2 | D:1      | Noticed a vampire
     4 | D:1      | Noticed an ogre
     7 | D:1      | Noticed a formicid
    10 | D:1      | Noticed a dwarf
    12 | D:1      | Noticed a naga
    12 | D:1      | Noticed an elf
    14 | D:1      | Noticed an ogre
    22 | D:1      | Noticed a centaur
    22 | D:1      | Noticed a gargoyle
    22 | D:1      | Noticed a centaur
    24 | D:1      | Noticed an elf
    24 | D:1      | Noticed a ghoul
    26 | D:1      | Noticed a centaur
   407 | D:1      | Reached XP level 2. HP: 26/26 MP: 2/2
   497 | D:1      | Reached skill level 4 in Axes
   571 | D:2      | Found an ancient bone altar of Kikubaaqudgha.
   572 | D:2      | Found a shattered altar of Ashenzari.
   753 | D:2      | Reached XP level 3. HP: 28/32 MP: 3/3
  1003 | D:2      | Reached skill level 5 in Axes
  1597 | D:3      | Reached XP level 4. HP: 34/39 MP: 4/4
  1638 | D:3      | Reached skill level 6 in Axes
  1694 | D:3      | Reached XP level 5. HP: 25/45 MP: 5/5
  1818 | D:3      | Noticed Heartnet's ghost (amateur DrIE)
  1972 | D:3      | Killed Heartnet's ghost
  1972 | D:3      | Reached skill level 1 in Armour
  2433 | D:4      | Noticed Natasha
  2493 | D:3      | Reached skill level 7 in Axes
  2493 | D:3      | Reached XP level 6. HP: 18/52 MP: 6/6
  2764 | D:4      | Noticed Sigmund
  2797 | D:4      | Killed Natasha
  2878 | D:4      | Reached skill level 8 in Axes
  2878 | D:4      | Reached XP level 7. HP: 31/58 MP: 7/7
  2933 | D:5      | Entered Level 5 of the Dungeon
  3085 | D:5      | Found a staircase to the Ecumenical Temple.
  3099 | Temple   | Entered the Ecumenical Temple
  3109 | Temple   | Became a worshipper of Makhleb the Destroyer
  3282 | D:5      | Reached skill level 9 in Axes
  3448 | D:5      | Reached XP level 8. HP: 64/67 MP: 8/8
  3554 | D:6      | Found a basalt altar of Yredelemnul.
  3576 | D:6      | Reached skill level 5 in Armour
  3629 | D:6      | Found a glowing drain.
  3654 | Sewer    | Entered a sewer
  3746 | Sewer    | Reached * piety under Makhleb
  3899 | Sewer    | Got a steaming chain mail
  3910 | Sewer    | Identified the +1 chain mail "Maficuwk" {rC+ rCorr} (You found it in a sewer)
  4156 | D:6      | Found a glowing silver altar of Zin.
  4180 | D:6      | Found a shadowy altar of Dithmenos.
  4384 | D:6      | Found a blossoming altar of Fedhas.
  4430 | D:6      | Reached skill level 10 in Axes
  4473 | D:6      | Found a runed door.
  4627 | D:7      | Noticed Natasha
  4641 | D:7      | Noticed Menkaure
  4693 | D:7      | Noticed a hippogriff
  4713 | D:6      | Killed a hippogriff
  4730 | D:6      | Killed Natasha
  4743 | D:7      | Noticed Dowan
  4796 | D:7      | Reached ** piety under Makhleb
  4951 | D:6      | Found a sparkling altar of Nemelex Xobeh.
  5014 | D:7      | Noticed Duvessa
  5053 | D:6      | Killed Menkaure
  5053 | D:6      | Gained mutation: You passively map the area around you. [Deep Dwarf growth]
  5053 | D:6      | Reached XP level 9. HP: 41/78 MP: 9/9
  5071 | D:7      | Killed Duvessa
  5083 | D:7      | Killed Dowan
  5313 | D:7      | Reached skill level 11 in Axes
  5317 | D:7      | Reached skill level 1 in Shields
  5474 | D:8      | Found a shimmering altar of Xom.
  5897 | D:8      | Reached skill level 5 in Fighting
  5897 | D:8      | Reached skill level 12 in Axes
  6035 | D:9      | Noticed a two-headed ogre
  6088 | D:9      | Found a staircase to the Lair.
  6242 | D:9      | Reached *** piety under Makhleb
  6278 | D:9      | Reached XP level 10. HP: 86/88 MP: 10/10
  6429 | D:9      | Noticed a two-headed ogre
  6436 | D:9      | Killed a two-headed ogre
  6436 | D:9      | Reached skill level 13 in Axes
  6436 | D:9      | Reached skill level 5 in Shields
  6499 | D:9      | Killed a two-headed ogre
  6585 | D:9      | Found a glowing golden altar of the Shining One.
  6785 | D:9      | Reached **** piety under Makhleb
  6796 | D:9      | Found a staircase to the Orcish Mines.
  6960 | D:9      | Noticed Maurice
  6975 | D:9      | Noticed a two-headed ogre
  6984 | D:9      | Killed a two-headed ogre
  6984 | D:9      | Reached XP level 11. HP: 99/99 MP: 11/11
  6991 | D:9      | Killed Maurice
  7043 | D:9      | Noticed a two-headed ogre
  7055 | D:9      | Killed a two-headed ogre
  7055 | D:9      | Reached skill level 14 in Axes
  7084 | Lair:1   | Entered Level 1 of the Lair of Beasts
  7325 | Lair:1   | Noticed an eight-headed hydra
  7331 | Lair:1   | Killed an eight-headed hydra
  7852 | Lair:2   | Noticed an eight-headed hydra
  7927 | Lair:1   | Killed an eight-headed hydra
  8166 | Lair:2   | Reached skill level 1 in Invocations
  8460 | Lair:2   | Reached skill level 15 in Axes
  8687 | Lair:2   | Reached ***** piety under Makhleb
  8763 | Lair:2   | Reached XP level 12. HP: 110/110 MP: 13/13
  9396 | Lair:3   | Reached skill level 5 in Invocations
  9496 | Lair:3   | Reached skill level 16 in Axes
  9497 | Lair:3   | Found a staircase to the Swamp.
  9582 | Lair:3   | Found a shattered altar of Ashenzari.
  9886 | Lair:3   | Reached skill level 10 in Shields
 10354 | Lair:4   | Found a staircase to the Snake Pit.
 10771 | Lair:5   | Noticed an entropy weaver
 10816 | Lair:5   | Killed an entropy weaver
 10827 | Lair:5   | Noticed an entropy weaver
 10827 | Lair:5   | Noticed a queen ant
 10843 | Lair:5   | Killed an entropy weaver
 10864 | Lair:5   | Killed a queen ant
 10871 | Lair:5   | Reached XP level 13. HP: 113/117 MP: 18/18
 11194 | Lair:5   | Identified 2 scrolls of acquirement
 11195 | Lair:5   | Got a flickering bronze ring
 11197 | Lair:5   | Identified the ring of Lufaits {rC+ Str+2 Stlth+} (You acquired it on level 5 of the Lair of Beasts)
 11199 | Lair:5   | Got a transparent copper ring
 11201 | Lair:5   | Identified the ring "Beoj" {Fire *Slow rN++ Dex+4} (You acquired it on level 5 of the Lair of Beasts)
 11420 | Lair:5   | Found a staircase to the Slime Pits.
 11792 | Lair:6   | Entered Level 6 of the Lair of Beasts
 12149 | Lair:6   | Found a dark tunnel.
 12154 | Volcano  | Entered a volcano
 12415 | Volcano  | Found a radiant altar of Vehumet.
 12435 | Volcano  | Noticed a stone giant
 12462 | Volcano  | Killed a stone giant
 12872 | Lair:6   | Reached skill level 10 in Invocations
 13427 | Orc:1    | Entered Level 1 of the Orcish Mines
 13484 | Orc:1    | Reached ****** piety under Makhleb
 13722 | Orc:2    | Entered Level 2 of the Orcish Mines
 13976 | Orc:1    | Found a burning altar of Makhleb.
 14263 | Orc:2    | Found a staircase to the Elven Halls.
 14725 | Orc:2    | Found Niemeny's Distillery.
 14732 | Orc:2    | Bought a potion of heal wounds for 85 gold pieces
 14732 | Orc:2    | Bought a potion of haste for 170 gold pieces
 14732 | Orc:2    | Bought a potion of resistance for 170 gold pieces
 14732 | Orc:2    | Bought a potion of invisibility for 136 gold pieces
 14755 | Orc:2    | Found an ancient bone altar of Kikubaaqudgha.
 14756 | Orc:2    | Noticed Nergalle
 14771 | Orc:2    | Killed Nergalle
 14783 | Orc:2    | Noticed Erolcha
 14787 | Orc:2    | Found a radiant altar of Vehumet.
 14791 | Orc:2    | Killed Erolcha
 14791 | Orc:2    | Gained mutation: You resist negative energy. (rN+) [Deep Dwarf growth]
 14791 | Orc:2    | Reached XP level 14. HP: 83/124 MP: 21/21
 14862 | Orc:2    | Found a roughly hewn altar of Beogh.
 14862 | Orc:2    | Found Ulass's Antique Armour Shoppe.
 14910 | Orc:2    | Found Ucemp's Distillery.
 14910 | Orc:2    | Found Urushum's Gadget Emporium.
 14911 | Orc:2    | Reached skill level 15 in Shields
 14928 | Orc:2    | Bought a potion of haste for 120 gold pieces
 14928 | Orc:2    | Bought a potion of heal wounds for 60 gold pieces
 14928 | Orc:2    | Bought a potion of heal wounds for 60 gold pieces
 14928 | Orc:2    | Bought a potion of agility for 48 gold pieces
 14942 | Orc:2    | Bought a transparent ring mail for 279 gold pieces
 14942 | Orc:2    | Bought a faintly glowing chain mail for 294 gold pieces
 14952 | Orc:2    | Identified the +1 chain mail of the Dolphin {rPois rC+ rCorr Int-3} (You bought it in a shop on level 2 of the Orcish Mines)
 14962 | Orc:2    | Identified the cursed +0 ring mail of Death's Door {rF+++ rC+ Str+2 Int-2} (You bought it in a shop on level 2 of the Orcish Mines)
 15198 | D:10     | Entered Level 10 of the Dungeon
 15198 | D:10     | Noticed Fannar
 15215 | D:10     | Killed Fannar
 17368 | D:12     | Noticed Snorg
 17395 | D:12     | Killed Snorg
 17544 | D:13     | Found a labyrinth entrance.
 17552 | Lab      | Entered a labyrinth
 17873 | Lab      | Found an exit through the horrors of the Abyss.
 18108 | Lab      | Got a spiked buckler
 18121 | D:13     | Identified the -7 buckler "Wuurij" {*Slow rCorr Int+3 Dex+8} (You found it in a labyrinth)
 19008 | D:14     | Noticed Agnes
 19071 | D:13     | Killed Agnes
 19204 | D:14     | Found a frozen archway.
 19213 | IceCv    | Entered an ice cave
 19348 | IceCv    | Reached skill level 15 in Invocations
 19454 | IceCv    | Found an ancient bone altar of Kikubaaqudgha.
 19578 | IceCv    | Identified the Collected Works on Cold
 19801 | D:14     | Found a gate to the Vaults.
 19956 | D:14     | Killed from afar by a fire dragon

Skill      XL: |  1  2  3  4  5  6  7  8  9 10 11 12 13 14 |
---------------+-------------------------------------------+-----
Axes           | 4 5 6 7 8 9 10 12 13 15 16 | 16.0
Armour         | 2 3 4 6 9 |  9.0
Fighting       | 2 3 5 6 7 8 |  8.2
Shields        | 4 6 8 11 14 15 | 15.0
Invocations    | 3 8 11 15 | 15.6
Throwing       | |  1.7
Dodging        | |  3.2

Action                   |  1- 3 |  4- 6 |  7- 9 | 10-12 | 13-15 || total
-------------------------+-------+-------+-------+-------+-------++-------
Melee: War axe           |    68 |   110 |   444 |   809 |  1507 ||  2938
Invok: Lesser Servant of |       |       |       |       |     9 ||     9
       Major Destruction |       |       |       |       |     6 ||     6
       Greater Servant o |       |       |       |       |     1 ||     1
 Abil: Heal Wounds       |       |     4 |     4 |     1 |     8 ||    17
Evoke: Wand              |       |       |       |    28 |    11 ||    39
  Use: Potion            |       |     2 |     5 |     5 |    11 ||    23
       Scroll            |       |    13 |    11 |       |    20 ||    44
 Stab: Distracted        |       |       |       |     1 |     1 ||     2
       Petrified         |       |       |       |       |    11 ||    11
  Eat: Chunk             |     2 |     3 |    12 |    16 |    28 ||    61
       Fruit             |       |     1 |       |       |     4 ||     5
Armor: Leather armour    |    12 |    17 |       |       |       ||    29
       Scale mail        |       |    19 |    54 |       |       ||    73
       Chain mail        |       |       |   148 |    31 |    84 ||   263
       Plate armour      |       |       |       |   439 |   578 ||  1017
Dodge: Dodged            |    49 |    53 |   179 |   166 |   279 ||   726
Block: Other             |       |       |    59 |       |       ||    59
       Buckler           |       |       |    66 |   341 |   198 ||   605
       Reflection        |       |       |       |     3 |    36 ||    39
       Shield            |       |       |       |       |   784 ||   784
